AoeStats
← dalmironieves

QS Arena

503154262Analyzed
1v1 RM · 3mo ago on Aug 30, 2026· 42m 39s· 2 players
Game mode
Random Map
Map size
Tiny (2 player)
Population
200
Speed
Normal
Resources
Standard
Victory
Conquest
Starting age
Dark Age
Ending age
Imperial Age
RankedLock teamsTeams togetherTeam positionsShared explorationLock speedFull tech treeHidden civsTurbo modeCheats
Victory
Defeat
🇦🇷 Byzantines · Argentina
321
+20
vs
🇩🇪 Dravidians · Germany
399
-20
dalmironieves
5:19 Loom
7:31 Feudal Age
10:15 Double-Bit Axe
11:50 Wheelbarrow
15:19 Gold Mining
21:29 Castle Age
19:36 Fletching
20:21 Padded Archer Armor
22:56 Thumb Ring
22:36 Crossbowman
24:50 Bow Saw
27:31 Leather Archer Armor
28:09 Elite Skirmisher
34:31 Imperial Age
33:35 Stone Mining
33:17 Pikeman
34:41 Bodkin Arrow
35:51 Arbalester
37:05 Guilds
38:35 Two-Man Saw
39:34 Halberdier
41:16 Bracer
41:21 Scale Mail Armor
41:37 Forging
Hann3s
0:33 Loom
8:18 Feudal Age
8:52 Double-Bit Axe
10:09 Fletching
11:08 Padded Archer Armor
11:40 Town Watch
16:55 Horse Collar
20:25 Castle Age
18:17 Arson
20:39 Forging
20:30 Scale Mail Armor
21:08 Bodkin Arrow
21:59 Leather Archer Armor
21:07 Elite Skirmisher
23:21 Wheelbarrow
23:03 Squires
25:13 Murder Holes
25:10 Guard Tower
25:57 Chain Mail Armor
26:56 Heavy Plow
28:16 Town Patrol
28:55 Fortified Wall
29:47 Pikeman
32:19 Ballistics
32:51 Iron Casting
36:36 Imperial Age
34:39 Bow Saw
37:17 Bracer
37:49 Plate Mail Armor
39:33 Chemistry
38:38 Gold Mining
40:27 Thumb Ring
Connection lost

Rejoining the realm…

Still unreachable

The connection could not be restored.

Session expired

The server has moved on; the page needs a fresh start.